 Dungeon Sprint DCSS version 0.27-a0-550-ge92ec0ca06 (webtiles) character file.

Game seed: 8192834763333723408

19815 rocky1 the Earth Mage (level 12, -1/87 HPs)
             Began as an Octopode Earth Elementalist on Mar 8, 2021.
             Was a High Priest of Sif Muna.
             Slain by Arachne
             ... wielding a staff of poison
              (3 damage)
             ... in the Dungeon (Sprint VII: "The Pits").
             The game lasted 00:21:02 (3010 turns).

rocky1 the Earth Mage (Octopode Earth Elementalist) Turns: 3010, Time: 00:21:03

Health: -1/87      AC:  4    Str:  9    XL:     12   Next: 73%
Magic:  19/28      EV: 13    Int: 21    God:    Sif Muna [*****.]
Gold:   61         SH:  0    Dex: 12    Spells: 9/36 levels left

rFire    . . .     SeeInvis .   w - +4 quarterstaff (speed)
rCold    + . .     Faith    .   (shield currently unavailable)
rNeg     . . .     Spirit   .   (helmet restricted)
rPois    +         Reflect  .   r - amulet of magic regeneration
rElec    .         Harm     .   o - ring of protection from cold
rCorr    .         Rampage  .   s - ring of poison resistance
Will     .....     NoTele   +   t - +3 ring of evasion
Stlth    +++.......             u - +3 ring of protection
HPRegen  0.24/turn              (no ring)
MPRegen  0.46/turn              (no ring)
                                (no ring)
                                (no ring)

@: lethally poisoned (-1 -> -6), held
A: almost no armour, amphibious, 8 rings, constrict 8, camouflage 1, gelatinous
body 1, nimble swimmer 1
a: Renounce Religion, Channel Magic, Forget Spell, Divine Exegesis


You were in the Dungeon.
You worshipped Sif Muna.
Sif Muna was extremely pleased with you.
You visited 1 branch You collected 61 gold pieces.

Inventory:

Hand Weapons
 w - a +4 quarterstaff of speed (weapon)
Missiles
 b - 19 stones
Jewellery
 o - a ring of protection from cold (left tentacle)
 r - an amulet of magic regeneration (around mantle)
 s - a ring of poison resistance (right tentacle)
 t - a +3 ring of evasion (on tentacle)
 u - a +3 ring of protection (on tentacle)
Wands
 p - a wand of mindburst (16)
 q - a wand of flame (7)
Scrolls
 i - 5 scrolls of amnesia
 j - a scroll of summoning
 l - 2 scrolls of enchant weapon
 n - 7 scrolls of identify
Potions
 a - 3 potions of invisibility
 c - 13 potions of curing
 d - 14 potions of heal wounds
 e - 2 potions of haste
 f - a potion of magic
 g - 4 potions of berserk rage
 m - 3 potions of might
 v - a potion of resistance


   Skills:
 - Level 10.3 Fighting
 + Level 11.9 Dodging
 - Level 2.6 Stealth
 + Level 12.5 Spellcasting
 + Level 6.1 Conjurations
 + Level 5.5 Transmutations
 + Level 6.1 Fire Magic
 + Level 18.1 Earth Magic
 - Level 13.0 Invocations
 + Level 6.7 Evocations


You had 9 spell levels left.
You knew the following spells:

 Your Spells              Type           Power      Damage    Failure   Level
a - Sandblast             Erth           100%       2d20      0%          1
b - Stone Arrow           Conj/Erth      100%       3d13      1%          3
c - Lee's Rapid Deconstr  Erth           36%        3d19*     1%          5
d - Petrify               Tmut/Erth      58%        N/A       1%          4
e - Bolt of Magma         Conj/Fire/Erth 27%        4d13      2%          5
f - Fire Storm            Conj/Fire      19%        8d5       100%        9

Your spell library contained the following spells:

 Spells                   Type           Power      Damage    Failure   Level
 Passwall                 Tmut/Erth      48%        N/A       1%          2
 Leda's Liquefaction      Hex/Erth       25%        N/A       1%          4
 Ignite Poison            Fire/Tmut/Pois 29%        N/A       3%          3
 Borgnjor's Vile Clutch   Necr/Erth      25%        N/A       3%          5
 Animate Skeleton         Necr           26%        N/A       4%          1
 Freeze                   Ice            52%        1d7       4%          1
 Pain                     Necr           52%        1d6       4%          1
 Summon Small Mammal      Summ           52%        N/A       4%          1
 Spider Form              Tmut/Pois      12%        N/A       4%          3
 Sticky Flame             Conj/Fire      39%        2d6       4%          4
 Statue Form              Tmut/Erth      38%        N/A       6%          6
 Corpse Rot               Necr/Air       N/A        N/A       8%          2
 Poisonous Vapours        Pois/Air       26%        N/A       8%          2
 Fireball                 Conj/Fire      19%        3d9       11%         5
 Hailstorm                Conj/Ice       26%        3d7       14%         4
 Blade Hands              Tmut           18%        N/A       14%         5
 Frozen Ramparts          Ice            26%        1d4       16%         3
 Gell's Gravitas          Tloc           6%         N/A       16%         3
 Teleport Other           Tloc           13%        N/A       16%         3
 Ice Form                 Ice/Tmut       24%        N/A       16%         4
 Alistair's Intoxication  Tmut/Pois      16%        N/A       41%         5
 Yara's Violent Unravell  Hex/Tmut       12%        3d7       41%         5
 Animate Dead             Necr           6%         N/A       45%         4
 Dispel Undead            Necr           13%        3d9       45%         4
 Olgreb's Toxic Radiance  Pois           13%        N/A       45%         4
 Passage of Golubria      Tloc           N/A        N/A       45%         4
 Summon Ice Beast         Ice/Summ       13%        N/A       45%         4
 Starburst                Conj/Fire      19%        8x6d7     52%         6
 Excruciating Wounds      Necr           6%         N/A       80%         5
 Silence                  Hex/Air        6%         N/A       80%         5
 Lehudib's Crystal Spear  Conj/Erth      29%        10d8      92%         8
 Freezing Cloud           Conj/Ice/Air   10%        6-21      97%         6
 Simulacrum               Ice/Necr       6%         N/A       100%        6
 Haunt                    Necr/Summ      6%         N/A       100%        7
 Ozocubu's Refrigeration  Ice            6%         4d6       100%        7
 Ignition                 Fire           19%        3d7       100%        8
 Death's Door             Necr           6%         N/A       100%        9


Dungeon Overview and Level Annotations

Branches:
Dungeon (1/1)

Altars:
Ashenzari
Cheibriados
Dithmenos
Elyvilon
Fedhas
Gozag
Hepliaklqana
Kikubaaqudgha
Makhleb
Nemelex Xobeh
Okawaru
Qazlal
Ru
Sif Muna
Trog
Uskayaw
Vehumet
Wu Jian
Xom
Yredelemnul
Zin
The Shining One
Beogh
Jiyva
Lugonu

Annotations:
D Arachne


Innate Abilities, Weirdness & Mutations

You cannot wear most types of armour.
You are amphibious.
You can wear up to eight rings at the same time.
You can use your tentacles to constrict eight enemies at once.
Your skin changes colour to match your surroundings (Stealth+).
Your rubbery body absorbs attacks. (AC +1, EV +1)
You are stealthy while swimming. (Stealth+)


Message History

The stream of webbing hits you but does no damage.
You are caught in a web!
Arachne hits you with a staff of poison.
Arachne envenoms you.
Casting: Lee's Rapid Deconstruction (safe; 1% risk of failure)
Confirm with . or Enter, or press ? or * to list all spells.
Aiming: Lee's Rapid Deconstruction (safe; 1% risk of failure)
Press: ? - help, Dir - move target A metal wall.
The metal wall shatters!
The blast of metal fragments hits the elephant!!
The elephant is almost dead.
The blast of metal fragments hits Arachne!!
Arachne is severely wounded.
Arachne casts a spell at you. The poison arrow hits you!
You are poisoned.
You partially resist.
Unknown command.
Casting: Lee's Rapid Deconstruction (safe; 1% risk of failure)
Confirm with . or Enter, or press ? or * to list all spells.
Aiming: Lee's Rapid Deconstruction (safe; 1% risk of failure)
Press: ? - help, Dir - move target A metal wall.
The metal wall shatters!
The blast of metal fragments hits the elephant!
The elephant is almost dead.
The blast of metal fragments hits Arachne!
Arachne is severely wounded.
You feel sick.
Arachne's staff shoots out a stream of webbing.
The stream of webbing hits you but does no damage.
You are even more entangled.
The elephant tramples you.
* * * LOW HITPOINT WARNING * * *
You hold your ground!
The elephant trunk-slaps you.
* * * LOW HITPOINT WARNING * * *
Arachne hits you with a staff of poison!!
* * * LOW HITPOINT WARNING * * *
Arachne envenoms you.
You die...

#....................''....
#..################..##..#. #..#
#.# #..##.... #..# #Y# #..##....
#..# #V# #..####++ #..# #.# #..#
#..##†# #..#
#..#[##############..#
#######..:..d.YH@..........#
____.##........Y...........#
____.###########''##########
__...###########''##########
####'##................##..#
)))'.##......#..#......##..#
####.##.........)......''..#
.....)'................''.†######
#'#####......#..#......##...[....


You could see Arachne, a black draconian and 2 elephants.

Vanquished Creatures
  A shadow dragon (D)
  An emperor scorpion (D)
  A red draconian (D)
  A hydra (D)
  A naga warrior (D)
  A death yak (D)
  A vampire mage (D)
  A spriggan (D)
  A sun demon (D)
  A shadow wraith (D)
  A sea snake (D)
  A lindwurm (D)
  A flayed ghost (D)
  A naga ritualist (D)
  A wizard (D)
  A phantasmal warrior (D)
  A deep elf zephyrmancer (D)
  2 black mambas (D)
  Maurice (D)
  3 elephants (D)
  A smoke demon (D)
  A rime drake (D)
  A kobold demonologist (D)
  A freezing wraith (D)
  An ice devil (D)
  A demonic crawler (D)
  A guardian mummy (D)
  2 red devils (D)
  A troll (D)
  A merfolk (D)
  A hornet (D)
  3 blink frogs (D)
  A snapping turtle (D)
  2 redbacks (D)
  A wraith (D)
  A wyvern (D)
  A chaos spawn (D)
  Grum (D)
  4 vampire mosquitoes (D)
  A neqoxec (D)
  3 nagas (D)
  A warg (D)
  A soldier ant (D)
  A floating eye (D)
  2 ice beasts (D)
  A large abomination (D)
  A necrophage (D)
  2 wolves (D)
  2 centaurs (D)
  5 killer bees (D)
  2 crimson imps (D)
  2 hounds (D)
  A jelly (D)
  3 orc priests (D)
  A hell rat (D)
  A gnoll (D)
  An adder (D)
  A river rat (D)
  A white imp (D)
  An ufetubus (D)
  3 oozes (D)
  An adder zombie (D)
  A worm (D)
  2 orcs (D)
  2 bats (D)
  2 hobgoblins (D)
  A quokka (D)
  A ball python (D)
  2 frilled lizards (D)
98 creatures vanquished.

Vanquished Creatures (others)
  A fire vortex (D)
1 creature vanquished.

Grand Total: 99 creatures vanquished

Notes
Turn   | Place    | Note
-------+----------+-------------------------------------------
     0 | D        | rocky1 the Octopode Earth Elementalist began the quest for
                  | the Orb.
     0 | D        | Reached XP level 1. HP: 11/11 MP: 3/3
    41 | D        | Found a bloodstained altar of Trog.
    41 | D        | Found a shimmering blue altar of Sif Muna.
    41 | D        | Found a viscous altar of Jiyva.
    41 | D        | Found a hazy altar of Hepliaklqana.
    41 | D        | Found an opulent altar of Gozag.
    42 | D        | Found a glowing golden altar of the Shining One.
    42 | D        | Found a glowing silver altar of Zin.
    42 | D        | Found a basalt altar of Yredelemnul.
    42 | D        | Found a shimmering altar of Xom.
    42 | D        | Found an ornate altar of the Wu Jian Council.
    42 | D        | Found a sacrificial altar of Ru.
    42 | D        | Found a stormy altar of Qazlal.
    42 | D        | Found an iron altar of Okawaru.
    42 | D        | Found a sparkling altar of Nemelex Xobeh.
    42 | D        | Found a burning altar of Makhleb.
    42 | D        | Found a blossoming altar of Fedhas.
    42 | D        | Found a white marble altar of Elyvilon.
    42 | D        | Found a shadowy altar of Dithmenos.
    42 | D        | Found a snail-covered altar of Cheibriados.
    45 | D        | Found a corrupted altar of Lugonu.
    45 | D        | Found a radiant altar of Vehumet.
    46 | D        | Found an ancient bone altar of Kikubaaqudgha.
    46 | D        | Found a hide-covered altar of Uskayaw.
    46 | D        | Found a broken altar of Ashenzari.
    47 | D        | Became a worshipper of Sif Muna the Loreminder
    71 | D        | Reached skill level 4 in Earth Magic
   208 | D        | Reached * piety under Sif Muna
   212 | D        | Reached XP level 2. HP: 12/17 MP: 3/5
   296 | D        | Noticed a floating eye
   308 | D        | Reached skill level 5 in Earth Magic
   308 | D        | Reached ** piety under Sif Muna
   343 | D        | Paralysed by a floating eye for 4 turns
   350 | D        | Paralysed by a floating eye for 3 turns
   356 | D        | Paralysed by a floating eye for 3 turns
   359 | D        | Killed a floating eye
   360 | D        | Reached skill level 6 in Earth Magic
   360 | D        | Reached XP level 3. HP: 12/26 MP: 5/8
   360 | D        | Reached XP level 4. HP: 15/31 MP: 5/9
   360 | D        | Reached XP level 5. HP: 17/36 MP: 5/10
   519 | D        | Learned a level 5 spell: Lee's Rapid Deconstruction
   523 | D        | Learned a level 3 spell: Stone Arrow
   580 | D        | Noticed an ice beast
   580 | D        | Noticed a centaur
   586 | D        | Killed a centaur
   587 | D        | Reached skill level 7 in Earth Magic
   587 | D        | Reached *** piety under Sif Muna
   588 | D        | Reached skill level 5 in Dodging
   592 | D        | Reached skill level 5 in Invocations
   592 | D        | Reached XP level 6. HP: 24/44 MP: 4/13
   600 | D        | Killed an ice beast
   600 | D        | Reached **** piety under Sif Muna
   601 | D        | Reached skill level 9 in Earth Magic
   853 | D        | Reached skill level 10 in Earth Magic
   882 | D        | Noticed a freezing wraith
   942 | D        | Noticed a necrophage
   942 | D        | Noticed a vampire mosquito
   943 | D        | Noticed Maurice
   944 | D        | Noticed a vampire mosquito
   947 | D        | Killed a vampire mosquito
   948 | D        | Reached skill level 11 in Earth Magic
   948 | D        | Reached XP level 7. HP: 49/49 MP: 3/14
   953 | D        | Reached skill level 12 in Earth Magic
   953 | D        | Killed a vampire mosquito
   955 | D        | Killed Maurice
   955 | D        | Reached ***** piety under Sif Muna
   956 | D        | Reached skill level 14 in Earth Magic
   956 | D        | Reached XP level 8. HP: 38/54 MP: 6/15
  1017 | D        | Identified Soof's Almanac of Ashen Cold (Sif Muna gifted it
                  | to you in the Dungeon)
  1017 | D        | Received a gift from Sif Muna
  1028 | D        | Noticed a red devil
  1029 | D        | Noticed a black mamba
  1032 | D        | Killed a black mamba
  1032 | D        | Killed a red devil
  1034 | D        | Reached XP level 9. HP: 40/59 MP: 5/19
  1034 | D        | Noticed a phantasmal warrior
  1036 | D        | Noticed a merfolk
  1116 | D        | Killed a merfolk
  1117 | D        | Reached skill level 15 in Earth Magic
  1221 | D        | Killed a phantasmal warrior
  1325 | D        | Learned a level 4 spell: Petrify
  1344 | D        | Identified Sif Muna's Catalogue of Freezing Shape Shifting
                  | (Sif Muna gifted it to you in the Dungeon)
  1344 | D        | Received a gift from Sif Muna
  1344 | D        | Noticed a spriggan rider
  1345 | D        | Reached skill level 5 in Fighting
  1347 | D        | Killed a shadow wraith
  1348 | D        | Killed a spriggan rider
  1348 | D        | Killed a hornet
  1349 | D        | Reached skill level 16 in Earth Magic
  1349 | D        | Reached skill level 10 in Invocations
  1349 | D        | Reached XP level 10. HP: 38/69 MP: 14/23
  1489 | D        | Noticed a four-headed hydra
  1490 | D        | Noticed a kobold demonologist
  1491 | D        | Killed a kobold demonologist
  1491 | D        | Killed a four-headed hydra
  1498 | D        | Identified Sif Muna's Almanac of Snow (Sif Muna gifted it
                  | to you in the Dungeon)
  1498 | D        | Received a gift from Sif Muna
  1536 | D        | Noticed a deep elf zephyrmancer
  1542 | D        | Killed a deep elf zephyrmancer
  1543 | D        | Reached skill level 10 in Spellcasting
  1771 | D        | Noticed a naga ritualist
  1774 | D        | Identified Sif Muna's Almanac of Enchantment and the
                  | Arsonist (Sif Muna gifted it to you in the Dungeon)
  1774 | D        | Received a gift from Sif Muna
  1776 | D        | Noticed an elephant
  1777 | D        | Reached XP level 11. HP: 71/78 MP: 21/25
  1777 | D        | Killed a naga ritualist
  1780 | D        | Noticed a naga warrior
  1781 | D        | Identified Sif Muna's Guide on Fiery Companions (Sif Muna
                  | gifted it to you in the Dungeon)
  1781 | D        | Received a gift from Sif Muna
  1783 | D        | Reached skill level 17 in Earth Magic
  1784 | D        | Killed a naga warrior
  1787 | D        | Noticed a lindwurm
  1788 | D        | Reached skill level 10 in Dodging
  1791 | D        | Noticed a flayed ghost
  1792 | D        | Killed a lindwurm
  1793 | D        | Reached skill level 10 in Fighting
  1795 | D        | Killed a flayed ghost
  1795 | D        | Identified Sif Muna's Incunabulum of Toxins (Sif Muna
                  | gifted it to you in the Dungeon)
  1795 | D        | Received a gift from Sif Muna
  2035 | D        | Learned a level 5 spell: Bolt of Magma
  2206 | D        | Identified Sif Muna's Catalogue of Evil Rites (Sif Muna
                  | gifted it to you in the Dungeon)
  2206 | D        | Received a gift from Sif Muna
  2207 | D        | Reached skill level 1 in Conjurations
  2207 | D        | Reached skill level 1 in Fire Magic
  2207 | D        | Reached skill level 1 in Evocations
  2340 | D        | Noticed a death yak
  2346 | D        | Killed a death yak
  2364 | D        | Noticed Grum
  2371 | D        | Killed Grum
  2544 | D        | Learned a level 9 spell: Fire Storm
  2556 | D        | Noticed a wizard
  2557 | D        | Reached ****** piety under Sif Muna
  2557 | D        | Identified Sif Muna's Tome of Necromancy (Sif Muna gifted
                  | it to you in the Dungeon)
  2557 | D        | Received a gift from Sif Muna
  2558 | D        | Killed a wizard
  2559 | D        | Reached XP level 12. HP: 87/87 MP: 12/27
  2607 | D        | Noticed an emperor scorpion
  2618 | D        | Killed an emperor scorpion
  2685 | D        | Noticed a red draconian
  2690 | D        | Killed a red draconian
  2691 | D        | Reached skill level 5 in Evocations
  2988 | D        | Noticed a sun demon
  2993 | D        | Noticed a shadow dragon
  2993 | D        | Identified Diasur's Almanac of the Rocks (Sif Muna gifted
                  | it to you in the Dungeon)
  2993 | D        | Received a gift from Sif Muna
  2993 | D        | Killed a sun demon
  2994 | D        | Reached skill level 5 in Conjurations
  2994 | D        | Reached skill level 5 in Fire Magic
  2997 | D        | Noticed Arachne
  2999 | D        | Noticed a vampire mage
  3001 | D        | Killed a shadow dragon
  3001 | D        | Identified Teruow's Tome of Quantum Clay (Sif Muna gifted
                  | it to you in the Dungeon)
  3001 | D        | Received a gift from Sif Muna
  3002 | D        | Reached skill level 5 in Transmutations
  3002 | D        | Reached skill level 18 in Earth Magic
  3003 | D        | Killed a vampire mage
  3007 | D        | Noticed a black draconian
  3010 | D        | HP: 2/87 [Arachne/staff of poison (18)]
  3010 | D        | Slain by Arachne

Illustrated notes

Levels and vault maps discovered:
D:        pitsprint [storerooms_1, entrance_room_1, metal_vault_5, armoury_2,
          mini_pit_1, grid_room_1, main_hall_1, silver_pit, the_coven_3,
          the_vestibule_1, steel_vault_4, golden_pit, hallway_of_sentries,
          crystal_vault_2, iron_vault_4, final_vault]

Skill      XL: |  1  2  3  4  5  6  7  8  9 10 11 12 |
---------------+-------------------------------------+-----
Earth Magic    | 4 6 7 11 14 16 17 18 | 18.1
Fighting       | 3 4 6 8 10 | 10.3
Dodging        | 4 5 7 8 10 11 | 11.9
Spellcasting   | 3 4 6 9 10 11 12 | 12.5
Invocations    | 3 5 7 10 11 13 | 13.0
Conjurations   | 3 6 |  6.1
Fire Magic     | 3 6 |  6.1
Evocations     | 3 6 |  6.7
Transmutations | 5 |  5.5
Stealth        | |  2.6

Action                   |  1- 3 |  4- 6 |  7- 9 | 10-12 || total
-------------------------+-------+-------+-------+-------++-------
Melee: Unarmed           |    24 |       |       |       ||    24
       Constrict         |     9 |     1 |       |       ||    10
       Tentacles         |     3 |       |       |       ||     3
       Quarterstaff      |       |     9 |       |       ||     9
 Cast: Sandblast         |     4 |    13 |     2 |     2 ||    21
       Lee's Rapid Decon |       |     2 |    20 |    83 ||   105
       Stone Arrow       |       |       |     1 |     2 ||     3
       Fire Storm        |       |       |       |     2 ||     2
Invok: Channel Magic     |       |       |     3 |     9 ||    12
       Divine Exegesis   |       |       |       |     2 ||     2
  Use: Potion            |       |     2 |       |     3 ||     5
       Scroll            |       |       |     1 |     2 ||     3
 Stab: Sleeping          |     3 |       |       |       ||     3
Armor: Skin              |     4 |       |       |     1 ||     5
Dodge: Dodged            |    16 |     9 |     6 |    19 ||    50

Table legend: (Time is in decaauts)
 A = Elapsed time spent in this place.
 B = Non-inter-level travel time spent in this place.
 C = Inter-level travel time spent in this place.
 D = Time resting spent in this place.
 E = Time spent auto-exploring this place.
 F = Levels seen in this place.
 G = Mean time per level.
                   A        B        C        D        E       F      G
               +--------+--------+--------+--------+--------+-----+--------+
         Total |   3016 |   2876 |    140 |   1862 |      0 |   1 | 3016.0 |
       Dungeon |   3016 |   2876 |    140 |   1862 |      0 |   1 | 3016.0 |
               +--------+--------+--------+--------+--------+-----+--------+

Top non-repeatable levels by time:
       D: 3016 daAuts
